 Dungeon Crawl Stone Soup version 0.29.1-15-g9cfb28693d (webtiles) character file.

Game seed: 8639873306651196327

265 zeram the Shooter (level 5, -14/25 HPs)
             Began as a Spriggan Hunter on Mar 17, 2023.
             Demolished by an ogre
             ... wielding a +0 giant spiked club
              (32 damage)
             ... on level 4 of the Dungeon.
             The game lasted 00:04:10 (2235 turns).

zeram the Shooter (Spriggan Hunter)                 Turns: 2235, Time: 00:04:11

Health: -14/25     AC:  3    Str:  7    XL:     5   Next: 99%
Magic:  6/6        EV: 18    Int: 13    God:
Gold:   182        SH:  0    Dex: 18    Spells: 2/4 levels left

rFire   . . .      SeeInvis +   a - +1 shortbow
rCold   . . .      Faith    .   (shield currently unavailable)
rNeg    . . .      Spirit   .   c - +1 robe
rPois   .          Reflect  .   (helmet restricted)
rElec   .          Harm     .   (no cloak)
rCorr   .          Rampage  .   (gloves unavailable)
Will    .....                   (boots unavailable)
Stlth   ++........              (no amulet)
HPRegen 0.08/turn               i - +4 ring of slaying
MPRegen 0.10/turn               (no ring)

@: lethally poisoned (-14 -> -22), very quick
A: very small, no large weapons, unfitting armour, see invisible, speed 3
a: no special abilities


You were on level 4 of the Dungeon.
You visited 1 branch of the dungeon, and saw 4 of its levels.

You collected 182 gold pieces.

Inventory:

Hand Weapons
 a - a +1 shortbow (weapon)
Armour
 c - a +1 robe (worn)
Jewellery
 i - a +4 ring of slaying (left hand)
 m - an amulet of magic regeneration
 n - a ring of poison resistance
Scrolls
 b - a scroll of immolation
 d - 2 scrolls of enchant armour
 j - 2 scrolls of magic mapping
 l - a scroll of fear {unknown}
 o - a scroll of teleportation
Potions
 e - 2 potions of haste {unknown}
 f - a potion of cancellation {unknown}
 g - a potion of flight
 h - a potion of mutation
 k - a potion of degeneration {unknown}


   Skills:
 - Level 1.5 Fighting
 + Level 7.2 Ranged Weapons
 + Level 3.0 Dodging
 - Level 1.5 Stealth


You had 2 spell levels left.
You knew the following spells:

 Your Spells              Type           Power      Damage    Failure   Level
a - Ensorcelled Hibernat  Hex/Ice        0%         N/A       43%         2

Your spell library contained the following spells:

 Spells                   Type           Power      Damage    Failure   Level
 Foxfire                  Conj/Fire      0%         2x1d4     30%         1
 Call Canine Familiar     Summ           0%         N/A       67%         3
 Conjure Flame            Conj/Fire      0%         6-21      67%         3
 Inner Flame              Hex/Fire       0%         N/A       67%         3
 Portal Projectile        Hex/Tloc       0%         N/A       67%         3
 Spider Form              Tmut/Pois      0%         N/A       67%         3
 Anguish                  Hex/Necr       0%         N/A       97%         4
 Flame Wave               Conj/Fire      0%         2d4       97%         4
 Leda's Liquefaction      Hex/Erth       0%         N/A       97%         4


Dungeon Overview and Level Annotations

Branches:
Dungeon (4/15)             Temple (0/1) D:4

Altars:

Shops:
D:2 :   D:4 *


Innate Abilities, Weirdness & Mutations

You are very small and have problems with some larger weapons.
You are too small for most types of armour.
You have supernaturally acute eyesight. (SInv)
You cover ground extremely quickly. (Speed+++)


Message History

a +0 flail; an orc corpse No target in view!
No target in view!
No target in view!
No target in view!
Found a staircase to the Ecumenical Temple.
No target in view!
No target in view!
No target in view!
Found 7 stones.
Things that are here:
a +0 short sword; 3 stones A jelly comes into view.
You shoot an arrow.
The arrow hits the jelly but does no damage.
The jelly quivers.
You hear a shout!
An ogre comes into view. It is wielding a +0 giant spiked club.
There are monsters nearby!
You shoot an arrow. The arrow hits the jelly!
The jelly is almost dead.
A scorpion comes into view.
You shoot an arrow. The arrow hits the jelly!
You kill the jelly!
You shoot an arrow. The arrow hits the scorpion!
The scorpion is heavily wounded.
You shoot an arrow. The arrow barely misses the scorpion.
The scorpion stings you.
You are poisoned.
The scorpion poisons you!
You shoot an arrow.
The arrow hits the scorpion but does no damage.
The scorpion is heavily wounded.
You feel very sick. The scorpion closely misses you.
The scorpion stings you but does no damage.
A kobold comes into view. It is wielding a +0 whip.
The ogre hits you with a +0 giant spiked club!!
Ouch! That really hurt!
You die...

#..# #).#######
####>........
#.........###
#..#)....#....
###..##.....# ...
##...##..#.#..# ..
#...##..##.##..#
#@...##... #...
......s.O.....>......
......#....##...## .(
#....##.##..# .##
#.... #..##..# # ####
##. #..? # .... .K..


You could see an ogre, a scorpion and a kobold (wandering).

Vanquished Creatures
  2 jellies (D:4)
  An iguana (D:4)
  An orc wizard (D:4)
  A gnoll (D:1)
  6 adders
  A worm (D:2)
  3 dart slugs
  9 orcs (D:4)
  6 endoplasms
  2 giant cockroaches (D:2)
  5 goblins
  7 hobgoblins
  4 jackals
  5 ball pythons
  2 bats (D:1)
  4 frilled lizards
  6 kobolds
  7 rats
72 creatures vanquished.

Notes
Turn   | Place    | Note
-------+----------+-------------------------------------------
     0 | D:1      | zeram the Spriggan Hunter began the quest for the Orb.
     0 | D:1      | Reached XP level 1. HP: 10/10 MP: 2/2
    35 | D:1      | Found a faded altar of an unknown god.
   188 | D:1      | Reached XP level 2. HP: 14/14 MP: 3/3
   521 | D:1      | Reached skill level 5 in Ranged Weapons
   521 | D:1      | Reached XP level 3. HP: 18/18 MP: 4/4
  1207 | D:2      | Learned a level 2 spell: Ensorcelled Hibernation
  1216 | D:2      | Reached XP level 4. HP: 22/22 MP: 5/5
  1423 | D:2      | Found Qyilal's Book Shop.
  1466 | D:2      | Reached skill level 6 in Ranged Weapons
  1996 | D:4      | Reached XP level 5. HP: 22/25 MP: 6/6
  2081 | D:4      | Found Sopocuick's General Store.
  2176 | D:4      | Reached skill level 7 in Ranged Weapons
  2218 | D:4      | Found a staircase to the Ecumenical Temple.
  2230 | D:4      | Noticed an ogre
  2235 | D:4      | Demolished by an ogre

Illustrated notes

Levels and vault maps discovered:
D:1:      matt_arrival_spirals, layout_loops_corners,
          ebering_ecumenical_altar_sacrificial, roderic_roman_lattice
D:2:      layout_basic, serial_shops,
          nicolae_shop_temple_entry_statues_fountains, minmay_joined_circles
D:3:      layout_basic
D:4:      layout_loops_ring, marbit_many_paths, minmay_temple_entry_waves,
          serial_shops, kennysheep_little_box, nicolae_shop_behind_doors

Skill      XL: |  1  2  3  4  5 |
---------------+----------------+-----
Ranged Weapons | 5 6 7 |  7.2
Dodging        | 3 |  3.0
Fighting       | |  1.5
Stealth        | |  1.5

Action                   |  1- 3 |  4- 6 || total
-------------------------+-------+-------++-------
 Fire: Shortbow          |    88 |   100 ||   188
  Use: Scroll            |     6 |     3 ||     9
Armor: Robe              |     2 |     5 ||     7
Dodge: Dodged            |    34 |    20 ||    54
